 Dungeon Crawl Stone Soup version 0.28.0-45-g0d030f2227 (webtiles) character file.

Game seed: 2688286628275461576

370 pkoi the Insei (level 6, -1/51 HPs)
             Began as a Demigod Fighter on Apr 8, 2022.
             Slain by an adder (2 damage)
             ... in a sewer.
             The game lasted 00:05:06 (5311 turns).

pkoi the Insei (Demigod Fighter)                    Turns: 5311, Time: 00:05:06

Health: -1/51      AC:  9    Str: 17    XL:     6   Next: 18%
Magic:  8/8        EV:  3    Int: 14    God:
Gold:   130        SH:  6    Dex: 17    Spells: 5/5 levels left

rFire   + . .      SeeInvis .     - Unarmed
rCold   + . .      Faith    .   b - +1 buckler
rNeg    . . .      Spirit   .   n - +0 chain mail
rPois   +          Reflect  .   (no helmet)
rElec   +          Harm     .   (no cloak)
rCorr   +          Rampage  .   (no gloves)
Will    .....                   (no boots)
Stlth   ..........              (no amulet)
HPRegen 0.17/turn               (no ring)
MPRegen 0.11/turn               (no ring)

@: mighty, lethally poisoned (-1 -> -5), resistant, constricted
A: high MP 1, forlorn, divine attributes
a: no special abilities


You were in a sewer.
You visited 1 branch of the dungeon, and saw 3 of its levels.
You also visited: Sewer.

You collected 130 gold pieces.

Inventory:

Hand Weapons
 e - a +0 dagger
 g - a +0 short sword
 q - a +5 spear
Missiles
 h - 5 poisoned darts (quivered)
 m - 2 boomerangs
Armour
 a - a +0 scale mail
 b - a +1 buckler (worn)
 n - a +0 chain mail (worn)
Wands
 r - a wand of polymorph (8)
Scrolls
 f - a scroll of fog
 i - 2 scrolls of identify
 j - a scroll of enchant armour
Potions
 c - a potion of might
 d - a potion of curing
 k - 3 potions of flight


   Skills:
 + Level 3.0 Fighting
 + Level 3.0 Armour
 + Level 3.0 Shields
 * Level 5.8 Unarmed Combat


You had 5 spell levels left.
You didn't know any spells.
Your spell library contained the following spells:

 Spells                   Type           Power      Damage    Failure   Level
 Animate Skeleton         Necr           0%         N/A       99%         1
 Pain                     Necr           0%         1d4       99%         1
 Vampiric Draining        Necr           0%         2d6       100%        3


Dungeon Overview and Level Annotations

Branches:
Dungeon (3/15)              Sewer (1/1)


Innate Abilities, Weirdness & Mutations

You have an increased reservoir of magic. (+10% MP)
You shall have no god before yourself.
Your divine heritage dramatically boosts your attributes as you level up.


Message History

The bullfrog hits you but does no damage.
The adder bites you but does no damage.
The ball python bites you but does no damage.
You block the ball python's attack. The ball python constricts you.
The bullfrog hits you but does no damage.
The ball python completely misses you. The bullfrog hits you.
* * * LOW HITPOINT WARNING * * *
You feel better. The adder bites you.
* * * LOW HITPOINT WARNING * * *
You are poisoned.
The adder poisons you! The bullfrog hits you.
* * * LOW HITPOINT WARNING * * *
The ball python bites you but does no damage. x2
The ball python constricts you.
* * * LOW HITPOINT WARNING * * *
The bullfrog hits you but does no damage.
The ball python bites you but does no damage.
The adder bites you but does no damage.
It was a potion of resistance.
You feel protected.
You feel sick.
The bullfrog hits you but does no damage.
You block the bullfrog's attack.
The ball python bites you but does no damage.
You block the ball python's attack. The ball python constricts you.
The adder bites you but does no damage.
The ball python bites you but does no damage.
The bullfrog hits you.
* * * LOW HITPOINT WARNING * * *
The bullfrog hits you but does no damage.
You miss the adder.
* * * LOW HITPOINT WARNING * * *
You feel sick. The ball python bites you.
* * * LOW HITPOINT WARNING * * *
The ball python bites you but does no damage.
The ball python constricts you.
* * * LOW HITPOINT WARNING * * *
The bullfrog hits you but does no damage.
The adder bites you.
You die...

≈≈≈≈≈#
#####≈≈≈≈≈≈#
≈≈≈≈≈#
#≈≈≈≈≈≈#
≈≈≈≈≈#
#≈≈≈≈≈≈#
≈≈÷≈≈#
#≈≈≈≈≈≈#
≈≈÷÷≈#
#≈≈≈≈≈≈#
≈..≈##
#≈≈≈≈≈≈#
.)(.≈#
#≈≈≈≈≈≈#
....≈#
#≈≈≈FS≈#
≈≈≈≈≈#
#≈≈≈S@≈#
≈≈≈≈≈#
#≈≈≈SFS#
≈≈≈≈≈#
#≈≈≈≈≈≈#
≈≈≈≈≈#
#≈≈≈≈≈≈#
≈≈≈≈≈#
#≈≈≈≈≈≈#
≈≈≈≈≈#
#≈≈≈≈≈≈#
≈≈≈≈≈#
#≈≈#≈≈≈#
≈≈..##
#..≈.≈##
.....#
#......


You could see 2 bullfrogs, an adder and 3 ball pythons.

Vanquished Creatures
  An ogre (D:3)
  Jessica (D:3)
  12 adders
  6 river rats (Sewer)
  A worm (D:3)
  10 endoplasms
  5 giant cockroaches
  2 goblins
  9 hobgoblins
  8 kobolds
  2 quokkas
  9 ball pythons
  7 bats
  2 frilled lizards
  36 rats
111 creatures vanquished.

Notes
Turn   | Place    | Note
-------+----------+-------------------------------------------
     0 | D:1      | pkoi the Demigod Fighter began the quest for the Orb.
     0 | D:1      | Reached XP level 1. HP: 18/18 MP: 3/3
   147 | D:1      | Reached skill level 2 in Unarmed Combat
   372 | D:1      | Reached XP level 2. HP: 25/25 MP: 4/4
  1580 | D:2      | Reached XP level 3. HP: 25/31 MP: 5/5
  1926 | D:2      | Reached skill level 3 in Unarmed Combat
  2695 | D:2      | Reached XP level 4. HP: 32/38 MP: 6/6
  3249 | D:3      | Noticed an ogre
  3249 | D:3      | Noticed Jessica
  3262 | D:3      | Killed an ogre
  3263 | D:3      | Reached skill level 4 in Unarmed Combat
  3263 | D:3      | Reached XP level 5. HP: 27/45 MP: 7/7
  3271 | D:3      | Killed Jessica
  3272 | D:3      | Reached skill level 5 in Unarmed Combat
  3885 | D:3      | Found a glowing drain.
  3894 | Sewer    | Entered a sewer
  4723 | Sewer    | Reached XP level 6. HP: 37/51 MP: 8/8
  5311 | Sewer    | HP: 2/51 [ball python (2)]
  5311 | Sewer    | Slain by an adder

Illustrated notes

Levels and vault maps discovered:
D:1:      evilmike_arrival_crescent, layout_basic,
          shapermc_ecumenical_altar_totnotflames
D:2:      layout_loops_ring
D:3:      layout_loops_cross, overflow_temple_1_default, portal_sewer_entry_b,
          uniq_jessica
Sewer:    sewer_minmay_w

Skill      XL: |  1  2  3  4  5 |
---------------+----------------+-----
Unarmed Combat | 2 3 4 5 |  5.8
Fighting       | 3 |  3.0
Armour         | 3 |  3.0
Shields        | 3 |  3.0

Action                   |  1- 3 |  4- 6 || total
-------------------------+-------+-------++-------
Melee: Dagger            |    31 |       ||    31
       Unarmed           |    13 |    38 ||    51
       Short sword       |   138 |    10 ||   148
       Spear             |       |   169 ||   169
  Use: Scroll            |       |     7 ||     7
       Potion            |       |     3 ||     3
Armor: Scale mail        |    83 |     9 ||    92
       Chain mail        |       |   183 ||   183
Dodge: Dodged            |    94 |    89 ||   183
Block: Buckler           |    46 |    86 ||   132
